 Dungeon Crawl Stone Soup version 0.28.0-53-g5a82cb258f (webtiles) character file.

Game seed: 11541672727982781051

915 issech the Chopper (level 7, -11/61 HPs)
             Began as a Minotaur Monk on June 1, 2022.
             Mangled by an orc warrior
             ... wielding a +0 battleaxe
              (22 damage)
             ... on level 5 of the Dungeon.
             The game lasted 00:10:07 (4421 turns).

issech the Chopper (Minotaur Monk)                  Turns: 4421, Time: 00:10:08

Health: -11/61     AC: 11    Str: 21    XL:     7   Next: 82%
Magic:  6/6        EV:  9    Int:  7    God:
Gold:   115        SH:  0    Dex: 15    Spells: 6/6 levels left

rFire   . . .      SeeInvis .   B - +1 war axe (venom)
rCold   . . .      Faith    .   (no shield)
rNeg    . . .      Spirit   .   s - +2 chain mail {Will+}
rPois   .          Reflect  .   (helmet restricted)
rElec   .          Harm     .   (no cloak)
rCorr   .          Rampage  .   (no gloves)
Will    +....                   (no boots)
Stlth   ..........              (no amulet)
HPRegen 0.20/turn               h - +6 ring of strength
MPRegen 0.10/turn               D - +4 ring of slaying

@: no status effects
A: horns 2, retaliatory headbutt
a: no special abilities


You were on level 5 of the Dungeon.
You visited 2 branches of the dungeon, and saw 6 of its levels.

You collected 143 gold pieces.
You spent 28 gold pieces at shops.

Inventory:

Hand Weapons
 a - a +0 hand axe
 q - a +1 vorpal mace
 t - a +2 mace of draining
 v - a +2 scythe of freezing
 y - a +0 morningstar
 B - a +1 war axe of venom (weapon)
 C - a +0 quarterstaff
Missiles
 f - 4 atropa-tipped darts
 g - 30 arrows
 i - 78 stones
 l - 36 sling bullets
 o - 31 bolts
 x - 4 boomerangs (quivered)
Armour
 b - a +0 robe
 s - a +2 chain mail of willpower (worn)
Jewellery
 h - a +6 ring of strength (left hand)
 D - a +4 ring of slaying (right hand)
Wands
 r - a wand of polymorph (3)
Scrolls
 d - 2 scrolls of teleportation
 j - 2 scrolls of identify
 k - 2 scrolls of fear
 n - 2 scrolls of magic mapping
 A - a scroll of summoning
Potions
 c - a potion of flight {unknown}
 e - 3 potions of haste {unknown}
 m - 2 potions of lignification {unknown}
 p - 2 potions of curing {unknown}
 u - 2 potions of cancellation {unknown}
 w - a potion of berserk rage {unknown}
 z - a potion of heal wounds {unknown}


   Skills:
 + Level 5.4 Fighting
 + Level 7.1(7.6) Axes
 + Level 4.0(6.1) Maces & Flails
 + Level 3.8 Armour
 + Level 4.4 Dodging
 + Level 3.2 Stealth


You had 6 spell levels left.
You didn't know any spells.
Your spell library contained the following spells:

 Spells                   Type           Power      Damage    Failure   Level
 Ozocubu's Armour         Ice            0%         N/A       100%        3
 Blade Hands              Tmut           0%         N/A       100%        5
 Irradiate                Conj/Tmut      0%         3d14      100%        5
 Dragon Form              Tmut           0%         N/A       100%        7
 Ozocubu's Refrigeration  Ice            0%         4d5       100%        7


Dungeon Overview and Level Annotations

Branches:
Dungeon (5/15)             Temple (1/1) D:4

Altars:
Ashenzari
Cheibriados
Elyvilon
Fedhas
Gozag
Kikubaaqudgha
Makhleb
Nemelex Xobeh
Okawaru
Qazlal
Ru
Trog
Uskayaw
Wu Jian
Xom
Zin

Shops:
D:1 !   D:3 ?


Innate Abilities, Weirdness & Mutations

You have a pair of horns on your head.
You reflexively headbutt those who attack you in melee.


Message History

You hit the hound.
The hound is poisoned.
You kill the hound!
The orc priest hits you but does no damage.
You closely miss the orc priest.
The orc priest is almost dead.
The orc priest hits you but does no damage.
You slice the orc priest!!
You kill the orc priest!
There is an open door here.
You see here a +0 hand axe.
There is a stone staircase leading down here.
You climb downwards.
The orc closely misses you.
The orc warrior hits you with a +0 battleaxe!
An orc wizard comes into view. It is wielding a +0 dagger.
The orc hits you but does no damage.
There is a stone staircase leading up here.
You barely miss the orc warrior. You barely miss the orc.
The orc warrior hits you with a +0 battleaxe!
The orc hits you but does no damage.
You hit the orc warrior.
The orc warrior is lightly wounded.
You hit the orc.
The orc is poisoned.
You barely miss something.
The orc warrior hits you with a +0 battleaxe!
Something hits you.
Deactivating autopickup; reactivate with Ctrl-A.
The orc hits you but does no damage. Something hits you but does no damage.
The orc warrior hits you with a +0 battleaxe!
* * * LOW HITPOINT WARNING * * *
You barely miss the orc warrior.
You headbutt the orc warrior, but do no damage.
The orc warrior is lightly wounded.
You slash something! You slash the jelly!
Your hands burn!
* * * LOW HITPOINT WARNING * * *
You barely miss the orc. The jelly barely misses you.
The orc hits you but does no damage. Something hits you but does no damage.
The jelly hits you but does no damage.
An orc comes into view. It is wielding a +0 club.
The orc hits you but does no damage. Something hits you but does no damage.
The orc warrior hits you with a +0 battleaxe!!
You die...

#.. ###..
## .... .#
... .#
..#.##
#....##
#.o...###
#.@.o...#
#oJ{..#..o
##...##
.......
.........#
#.###.###..
#. .# # #)
.# # .#


You could see an orc warrior, a jelly, an orc wizard and 2 orcs.

Vanquished Creatures
  Sigmund (D:2)
  A black bear (D:4)
  2 ogres (D:4)
  A phantom (D:4)
  A scorpion (D:4)
  2 orc priests
  A hound (D:4)
  Jessica (D:2)
  Terence (D:2)
  2 orc wizards (D:3)
  A hound skeleton (D:2)
  A gnoll (D:1)
  6 adders
  An ufetubus (D:4)
  2 worms (D:2)
  6 dart slugs
  6 orcs
  12 ball pythons
  10 endoplasms
  2 giant cockroaches
  5 goblins
  3 hobgoblins
  6 jackals (D:1)
  5 kobolds
  5 bats
  4 rats
88 creatures vanquished.

Notes
Turn   | Place    | Note
-------+----------+-------------------------------------------
     0 | D:1      | issech the Minotaur Monk began the quest for the Orb.
     0 | D:1      | Reached XP level 1. HP: 19/19 MP: 0/0
    31 | D:1      | Reached XP level 2. HP: 11/27 MP: 1/1
   313 | D:1      | Reached skill level 4 in Axes
   427 | D:1      | Reached XP level 3. HP: 28/33 MP: 2/2
   691 | D:1      | Found Ixecirou's Distillery.
  1047 | D:2      | Noticed Jessica
  1054 | D:2      | Killed Jessica
  1107 | D:2      | Reached XP level 4. HP: 36/41 MP: 3/3
  1159 | D:2      | Found a faded altar of an unknown god.
  1345 | D:2      | Reached skill level 5 in Axes
  1478 | D:2      | Noticed Sigmund
  1570 | D:2      | Noticed Terence
  1579 | D:2      | Killed Terence
  1580 | D:2      | Reached XP level 5. HP: 22/45 MP: 4/4
  1972 | D:2      | Killed Sigmund
  1973 | D:2      | Reached skill level 6 in Axes
  1973 | D:2      | Reached skill level 1 in Maces & Flails
  1973 | D:2      | Reached XP level 6. HP: 45/55 MP: 5/5
  2313 | D:3      | Reached skill level 1 in Armour
  2320 | D:3      | Reached skill level 5 in Fighting
  2345 | D:3      | Found Tomalyok's Magic Scroll Shoppe.
  2353 | D:3      | Bought a scroll of identify for 28 gold pieces
  3144 | D:4      | Found a staircase to the Ecumenical Temple.
  3158 | Temple   | Entered the Ecumenical Temple
  3455 | D:4      | Reached XP level 7. HP: 61/61 MP: 6/6
  3930 | D:4      | Reached skill level 7 in Axes
  4405 | D:5      | Entered Level 5 of the Dungeon
  4421 | D:5      | Mangled by an orc warrior

Illustrated notes

Levels and vault maps discovered:
D:1:      amcnicky_arrival_single_pillar, layout_basic, serial_shops,
          nicolae_diamond_shop, minmay_nonomino_d4
D:2:      layout_basic, ebering_ecumenical_altar_mist, uniq_sigmund,
          uniq_terence, uniq_jessica
D:3:      layout_basic, serial_shops, shop, chequers_garden
D:4:      layout_gridville, minmay_temple_entry_statues_fountains,
          serial_co_window_serial, co_window_paths_a, co_window_paths_b,
          co_window_corner_a, co_window_corner_a, co_window_corner_a,
          co_window_paths_a, co_window_corner_a, co_window_2corner,
          co_window_broadway_b, co_window_corner_b, co_window_unsneaky_path_c,
          co_window_corner_b, co_window_corner_cb, co_window_2corner,
          co_window_paths_d
D:5:      layout_loops_ring, kennysheep_mini
Temple:   eino_temple_scatter_basement

Skill      XL: |  1  2  3  4  5  6  7 |
---------------+----------------------+-----
Axes           | 4 5 6 7 |  7.1
Fighting       | 4 5 |  5.4
Stealth        | 2 3 |  3.2
Dodging        | 4 |  4.4
Maces & Flails | 1 2 4 |  4.0
Armour         | 1 3 |  3.8

Action                   |  1- 3 |  4- 6 |  7- 9 || total
-------------------------+-------+-------+-------++-------
Melee: Hand axe          |    55 |    23 |       ||    78
       Headbutt          |    10 |    15 |     4 ||    29
       Mace              |       |    48 |       ||    48
       War axe           |       |     8 |    32 ||    40
       Punch             |       |     3 |       ||     3
  Use: Scroll            |       |     4 |       ||     4
 Stab: Sleeping          |     3 |     2 |       ||     5
Armor: Robe              |     7 |       |       ||     7
       Chain mail        |       |    30 |    22 ||    52
Dodge: Dodged            |    35 |    44 |    23 ||   102
